 Dungeon Crawl Stone Soup version 0.30-a0-722-g3e6e8c874d (webtiles) character file.

Game seed: 3339412068381965889

15705 Dittersdorf the Warrior (level 12, -3/88 HPs)
             Began as a Gargoyle Fighter on Jan 27, 2023.
             Was a High Priest of Okawaru.
             Killed by divine providence
             ... invoked by a smoke demon
              (15 damage)
             ... in a volcano.
             The game lasted 00:17:33 (13543 turns).

Dittersdorf the Warrior (Gargoyle Fighter)         Turns: 13543, Time: 00:17:33

Health: -3/88      AC: 25    Str: 29    XL:     12   Next: 29%
Magic:  12/12      EV:  8    Int: 10    God:    Okawaru [*****.]
Gold:   725        SH:  6    Dex:  9    Spells: 11/11 levels left

rFire   + + .      SeeInvis .    a - +2 morningstar (protect)
rCold   x . .      Faith    .    c - +0 buckler
rNeg    + + .      Spirit   .    o - +1 chain mail
rPois   ∞          Reflect  .    s - +0 helmet "Yjokyji" {rF+ rN+ Str+2}
rElec   +          Harm     .    (no cloak)
rCorr   .          Rampage  .    y - +1 pair of gloves {Str+3}
Will    .....                    (no boots) Stlth
                                 (no amulet)
HPRegen 0.34/turn                i - ring of flight
MPRegen 0.13/turn                p - ring of fire

@: flying, studying Shields
A: sickness immunity, AC +8, negative energy resistance 1, electricity
resistance, torment resistance 1, petrification resistance
a: Renounce Religion, Heroism, Finesse, Duel


You were in a volcano.
You worshipped Okawaru.
Okawaru was extremely pleased with you.
You visited 3 branches of the dungeon, and saw 14 of its levels.
You also visited: Volcano.

You collected 725 gold pieces.

Inventory:

Hand Weapons
 a - a +2 morningstar of protection (weapon)
Missiles
 g - 34 poisoned darts (quivered)
 m - a throwing net
Armour
 c - a +0 buckler (worn)
 o - a +1 chain mail (worn)
 s - the +0 helmet "Yjokyji" (worn) {rF+ rN+ Str+2}
   (You found it on level 11 of the Dungeon)

   Str:       It affects your strength (+2).
   rF:        It protects you from fire.
   rN:        It protects you from negative energy.
 y - a +1 pair of gloves of strength (worn)
Jewellery
 i - a ring of flight (left hand)
 p - a ring of fire (right hand)
 t - a ring of see invisible
 w - a +6 ring of strength
 x - a ring of resist corrosion
Wands
 q - a wand of roots (10)
 A - a wand of flame (15)
Scrolls
 f - 9 scrolls of teleportation
 j - a scroll of fog
 k - a scroll of enchant weapon
 l - 2 scrolls of fear
 C - 3 scrolls of enchant armour
Potions
 b - 5 potions of heal wounds
 d - 5 potions of might
 e - 2 potions of mutation
 h - a potion of flight
 n - 7 potions of curing
 r - 3 potions of cancellation
 u - a potion of resistance
 v - 2 potions of haste
 z - 2 potions of brilliance
 B - a potion of berserk rage


   Skills:
 + Level 16.2 Fighting
 + Level 8.4 Maces & Flails
 + Level 9.6 Armour
 + Level 12.2 Shields


You had 11 spell levels left.
You didn't know any spells.
Your spell library contained the following spells:

 Spells                   Type           Power      Damage    Failure   Level
 Apportation              Tloc           0%         N/A       88%         1
 Freeze                   Ice            0%         1d3       88%         1
 Necrotise                Necr           0%         1d4       88%         1
 Frozen Ramparts          Ice            0%         1d1       99%         3
 Hailstorm                Conj/Ice       0%         3d3       99%         3
 Ignite Poison            Fire/Tmut/Pois 0%         N/A       99%         3
 Vampiric Draining        Necr           0%         2d6       99%         3
 Passage of Golubria      Tloc           0%         N/A       100%        4
 Sticky Flame             Conj/Fire      0%         2d3       100%        4
 Agony                    Necr           0%         N/A       100%        5
 Yara's Violent Unravell  Hex/Tmut       0%         3d3       100%        5
 Ignition                 Fire           0%         3d3       100%        8
 Summon Small Mammal      Summ           Unusable   N/A       N/A         1
 Tukima's Dance           Hex            Unusable   N/A       N/A         3

Dungeon Overview and Level Annotations

Branches:
Dungeon (11/15)            Temple (1/1) D:5            Lair (2/5) D:10
  Swamp (0/4) Lair:2        Snake (0/4) Lair:2      Volcano (1/1)
    Orc: D:9-12

Altars:
Ashenzari
Cheibriados
Dithmenos
Elyvilon
Fedhas
Gozag
Hepliaklqana
Kikubaaqudgha
Makhleb
Nemelex Xobeh
Okawaru
Qazlal
Ru
Sif Muna
Trog
Uskayaw
Vehumet
Wu Jian
Xom
Yredelemnul
Zin
The Shining One

Shops:
D:10 *

Annotations:
D:3 3 runed translucent doors, Crabhammer's ghost, weakling BaIE


Innate Abilities, Weirdness & Mutations

You are immune to sickness and miasma.
Your stone body is resilient. (AC +8)
You are immune to poison.
You resist negative energy. (rN+)
You are resistant to electric shocks. (rElec)
You are resistant to unholy torment.
You are immune to petrification.


Message History

The steam dragon attacks as you move away!
The steam dragon bites you but does no damage.
You block the steam dragon's attack. You block the hell hound's attack.
The smoke demon gestures at you. The ball of steam hits you. You resist.
You block the hell hound's attack.
The hell hound attacks as you move away!
You block the hell hound's attack. The lindwurm breathes flames at you.
The blast of flame hits you but does no damage.
The steam dragon attacks as you move away!
The steam dragon bites you but does no damage.
The steam dragon completely misses you.
You feel like a meek peon again.
A steam dragon comes into view.
You block the hell hound's attack. The smoke demon gestures at you.
Something smites you!
* * * LOW HITPOINT WARNING * * *
The hell hound attacks as you move away!
You block the hell hound's attack. The lindwurm breathes flames at you.
The blast of flame hits you! You resist.
* * * LOW HITPOINT WARNING * * *
You block the hell hound's attack. The smoke demon gestures at you.
Something smites you!
* * * LOW HITPOINT WARNING * * *
The lindwurm breathes flames at you. The blast of flame hits you. You resist.
* * * LOW HITPOINT WARNING * * *
The steam dragon breathes steam at you.
The ball of steam hits the hell hound.
The hell hound completely resists.
The ball of steam hits you but does no damage.
The hell hound breathes flames at you.
The blast of flame hits you but does no damage.
You feel better. The hell hound bites you.
* * * LOW HITPOINT WARNING * * *
The smoke demon gestures at you. Something smites you!
You die...

##...##......#
#..∩..#......##
##...##.......##
##∩###........##
.. ###
###.......# ..§.
####....###..§
#......#.§.
###.....§..
#@§..§##§
#h...## ##.D..#
#.....# #..3.k##
##..k..#####
###...D..≈#
#3.......
#≈.....#D


You could see 2 lindwurms, 2 smoke demons, 2 steam dragons and a hell hound
(catching breath).

Vanquished Creatures
  A lindwurm (Volcano)
  A cyclops (D:11)
  2 black mambas
  A torpor snail (Lair:1)
  Maggie (D:7)
  6 cane toads
  A rime drake (Lair:1)
  A komodo dragon (D:10)
  Prince Ribbit (D:6)
  4 trolls
  A hornet (D:10)
  Sigmund (D:5)
  A wraith (D:11)
  3 wyverns
  16 yaks
  Grum (D:9)
  A basilisk (D:11)
  4 steam dragons
  6 vampire mosquitoes
  Edmund (D:5)
  An acid dragon (D:10)
  4 orc warriors
  6 water moccasins
  2 sky beasts
  An ice beast (D:7)
  3 wolves (D:9)
  An ogre (D:5)
  3 centaurs
  A phantom (D:6)
  A kobold brigand (D:8)
  2 necrophages
  3 gnoll sergeants
  5 bullfrogs
  3 scorpions
  3 wights (D:9)
  23 killer bees
  4 electric eels (D:8)
  A gnoll bouda (D:5)
  3 orc priests
  2 hounds (D:5)
  A jelly (D:6)
  Jessica (D:3)
  2 iguanas
  Terence (D:3)
  Natasha (thrice) (D:3)
  7 orc wizards
  22 gnolls
  12 adders
  An ufetubus (Temple)
  5 worms
  7 dart slugs
  23 orcs
  5 endoplasms
  3 giant cockroaches
  7 goblins
  8 hobgoblins
  4 jackals (D:4)
  8 quokkas
  6 ball pythons
  4 bats
  3 frilled lizards
  13 kobolds
  6 rats
278 creatures vanquished.

Vanquished Creatures (others)
  2 trolls (D:10)
  2 yaks (D:10)
  2 orc warriors (D:10)
  3 orc wizards (D:10)
  An orc (D:10)
  5 fungi
15 creatures vanquished.

Grand Total: 293 creatures vanquished

Notes
Turn   | Place    | Note
-------+----------+-------------------------------------------
     0 | D:1      | Dittersdorf the Gargoyle Fighter began the quest for the
                  | Orb.
     0 | D:1      | Reached XP level 1. HP: 14/14 MP: 1/1
   104 | D:1      | Reached XP level 2. HP: 9/19 MP: 2/2
   485 | D:1      | Reached XP level 3. HP: 23/23 MP: 3/3
   928 | D:1      | Found a faded altar of an unknown god.
  1225 | D:2      | Reached XP level 4. HP: 29/29 MP: 4/4
  1741 | D:2      | Reached skill level 4 in Fighting
  1858 | D:3      | Noticed Jessica
  1870 | D:3      | Killed Jessica
  1871 | D:3      | Reached XP level 5. HP: 33/33 MP: 5/5
  2037 | D:3      | Noticed Natasha
  2043 | D:3      | Killed Natasha
  2162 | D:3      | Found a runed translucent gate.
  2162 | D:3      | Found a runed translucent gate.
  2162 | D:3      | Found a runed translucent gate.
  2298 | D:3      | Noticed Crabhammer's ghost (weakling BaIE)
  2342 | D:3      | Noticed Terence
  2354 | D:3      | Killed Terence
  2465 | D:3      | Noticed Natasha
  2471 | D:3      | Killed Natasha
  2517 | D:3      | Noticed Natasha
  2532 | D:3      | Killed Natasha
  3347 | D:4      | Reached XP level 6. HP: 39/39 MP: 6/6
  3564 | D:4      | Reached skill level 14 in Fighting
  3564 | D:4      | Reached XP level 7. HP: 59/59 MP: 7/7
  3663 | D:4      | Found a broken altar of Ashenzari.
  4138 | D:5      | Entered Level 5 of the Dungeon
  4386 | D:5      | Found a staircase to the Ecumenical Temple.
  4393 | Temple   | Entered the Ecumenical Temple
  4597 | Temple   | Reached skill level 5 in Shields
  4638 | D:5      | Reached skill level 5 in Armour
  4689 | D:5      | Reached XP level 8. HP: 34/65 MP: 8/8
  5350 | D:5      | Found a shimmering blue altar of Sif Muna.
  5357 | D:5      | Found an iron altar of Okawaru.
  5357 | D:5      | Found a hazy altar of Hepliaklqana.
  5371 | D:5      | Became a worshipper of Warmaster Okawaru
  6088 | D:5      | Noticed Edmund
  6103 | D:5      | Killed Edmund
  6197 | D:5      | Noticed Sigmund
  6209 | D:5      | Killed Sigmund
  6209 | D:5      | Reached * piety under Okawaru
  6366 | D:6      | Reached XP level 9. HP: 70/70 MP: 9/9
  6747 | D:6      | Noticed Prince Ribbit
  6762 | D:6      | Killed Prince Ribbit
  6762 | D:6      | Reached ** piety under Okawaru
  6947 | D:7      | Identified a scroll of acquirement
  6947 | D:7      | Acquired a manual of Shields
  7215 | D:7      | Found a white marble altar of Elyvilon.
  7215 | D:7      | Found a hide-covered altar of Uskayaw.
  7215 | D:7      | Noticed Maggie
  7223 | D:7      | Killed Maggie
  7224 | D:7      | Reached skill level 5 in Maces & Flails
  7350 | D:7      | Found a blossoming altar of Fedhas.
  7477 | D:7      | Found an ornate altar of the Wu Jian Council.
  7652 | D:8      | Reached *** piety under Okawaru
  7747 | D:8      | Reached XP level 10. HP: 60/76 MP: 10/10
  8296 | D:8      | Reached skill level 15 in Fighting
  8489 | D:8      | Reached **** piety under Okawaru
  9014 | D:8      | You are sucked into a shaft and drop 3 floors!
  9015 | D:11     | yay!
  9016 | D:11     | Identified the +0 helmet "Yjokyji" {rF+ rN+ Str+2}
  9134 | D:11     | Noticed a cyclops
  9147 | D:11     | Killed a cyclops
  9248 | D:11     | Reached ***** piety under Okawaru
  9335 | D:11     | Reached XP level 11. HP: 48/81 MP: 11/11
  9643 | D:10     | Entered Level 10 of the Dungeon
  9800 | D:9      | Received a gift from Okawaru
 10043 | D:9      | Found the +13 scythe of Curses {drain, curses, Drain}
 10590 | D:9      | Reached skill level 10 in Shields
 10887 | D:9      | Noticed Grum
 10895 | D:9      | Received a gift from Okawaru
 10923 | D:9      | Killed Grum
 11374 | D:10     | Found a staircase to the Lair.
 11412 | D:10     | Found a shimmering altar of Xom.
 11699 | D:10     | Found a sparkling altar of Nemelex Xobeh.
 11892 | D:10     | Found a glowing silver altar of Zin.
 11892 | D:10     | Found Zin's Purification Station.
 12105 | Lair:1   | Entered Level 1 of the Lair of Beasts
 12659 | Lair:1   | Reached skill level 16 in Fighting
 12708 | Lair:1   | Reached XP level 12. HP: 86/88 MP: 12/12
 13377 | Lair:2   | Found a staircase to the Swamp.
 13481 | Lair:2   | Found a dark tunnel.
 13487 | Volcano  | Entered a volcano
 13541 | Volcano  | HP: 2/88 [smoke demon/divine providence (14)]
 13543 | Volcano  | Killed from afar by a smoke demon

Illustrated notes

.........#
.........#
.........#
.........#####.
...............
...............
...............
.$.....@.......
...............
......[........
...............
...........?...
...............
...............
...............


Turn 9015 on D:11: yay!

Levels and vault maps discovered:
D:1:      grunt_arrival_crossed_arrows, layout_basic,
          dreamdust_ecumenical_altar_angels_and_demons
D:2:      layout_rooms, hangedman_decor_riveting
D:3:      layout_loops_ring, gammafunk_ghost_icy, uniq_natasha, uniq_terence,
          uniq_jessica
D:4:      layout_cave_pools, amcnicky_altar_gilded
D:5:      layout_gridville, gammafunk_temple_overflow_forgotten,
          minmay_temple_entry_junction, sigmund_edmund_badplayer
D:6:      layout_cave_pools, uniq_prince_ribbit1
D:7:      layout_rooms, gammafunk_temple_overflow_statue,
          mainiacjoe_overflow_catch_the_wave, uniq_maggie
D:8:      layout_basic, water_boxes_lemuel
D:9:      layout_long_grid, uniq_grum
D:10:     layout_basic, xom_confusion_cloud, nemelex_diamond_rough_becter,
          zin_purify, lair_entry_dummy
D:11:     layout_big_octagon, hiddenorc2_lemuel
Temple:   jpeg_temple_clearing
Lair:1:   layout_cave_shapes, chequers_serial_rivers_room_a,
          beast_lair_carwin_11, lemuel_fruit_tree, grunt_megastairs_2
Lair:2:   layout_long_grid, swamp_mist_pool, nicolae_snake_entry_warm_welcome,
          nicolae_volcano_entry_s_turn
Volcano:  hellmonk_smoking_crater

Skill      XL: |  1  2  3  4  5  6  7  8  9 10 11 12 |
---------------+-------------------------------------+-----
Shields        | 4 5 7 9 11 12 | 12.2
Armour         | 4 5 6 7 9 |  9.6
Fighting       | 4 14 15 16 | 16.2
Maces & Flails | 3 4 5 6 8 |  8.4

Action                     |  1- 3 |  4- 6 |  7- 9 | 10-12 || total
---------------------------+-------+-------+-------+-------++-------
  Melee: Flail             |   125 |   138 |   307 |       ||   570
         Morningstar       |       |       |    27 |   583 ||   610
  Throw: Dart              |       |       |     1 |     2 ||     3
 Invoke: Heroism           |       |       |       |     3 ||     3
    Use: Scroll            |       |     6 |    13 |     7 ||    26
         Potion            |       |     1 |       |     1 ||     2
 Armour: Scale mail        |    66 |    22 |       |       ||    88
         Chain mail        |       |    42 |   311 |   532 ||   885
  Dodge: Dodged            |    59 |    44 |   165 |   348 ||   616
  Block: Buckler           |    32 |    19 |    90 |   231 ||   372

Table legend: (Time is in decaauts)
 A = Elapsed time spent in this place.
 B = Non-inter-level travel time spent in this place.
 C = Inter-level travel time spent in this place.
 D = Time resting spent in this place.
 E = Time spent auto-exploring this place.
 F = Levels seen in this place.
 G = Mean time per level.
                   A        B        C        D        E       F      G
               +--------+--------+--------+--------+--------+-----+--------+
         Total |  13914 |  13530 |    384 |   2989 |   7667 |  15 |  927.6 |
       Dungeon |  12082 |  11737 |    345 |   2397 |   6904 |  11 | 1098.4 |
        Temple |    674 |    657 |     17 |    458 |    110 |   1 |  674.0 |
          Lair |   1101 |   1080 |     21 |    134 |    632 |   2 |  550.5 |
       Volcano |     56 |     56 |      0 |      0 |     21 |   1 |   56.0 |
               +--------+--------+--------+--------+--------+-----+--------+

Top non-repeatable levels by time:
     D:3: 1635 daAuts
     D:5: 1606 daAuts
     D:9: 1552 daAuts
     D:8: 1349 daAuts
     D:1: 1170 daAuts
    D:10: 1154 daAuts
  Lair:1: 978 daAuts
     D:7: 890 daAuts
     D:2: 750 daAuts
     D:4: 684 daAuts
  Temple: 674 daAuts
    D:11: 657 daAuts
     D:6: 630 daAuts
  Lair:2: 122 daAuts
 Volcano: 56 daAuts
